Map: Catalyst LE

Players

Nice - Winner!

  • Race: Protoss Protoss
  • Spawn Location: 5:00

Elazer

  • Race: Zerg Zerg
  • Spawn Location: 11:00

Event: WCS Leipzig 2018

VOD

Have the link to the VOD?

Description

Time

  • Played on: Jan. 27, 2018, 4:39 a.m.
  • Length: 7:49

All games in this series

Show
View Real Time Build Order
Export as new Build Order

Nice Protoss - Winner!

Build Orders: 1 Gate Expand, Zealot Archon, Archon Drop, Dark Templar Rush 

Get SALT Encoding   

  12  0:00  Probe  
  13  0:12  Probe  
  14  0:20  Pylon  
  14  0:24  Probe  
  15  0:38  Probe (Chrono Boost)  
  15  0:39  Gateway  
  16  0:49  Probe (Chrono Boost)  
  17  0:53  Assimilator  
  17  0:54  Probe (Chrono Boost)  
  18  1:05  Probe (Chrono Boost)  
  19  1:13  Probe (Chrono Boost)  
  20  1:19  Probe  
  21  1:29  Nexus  
  21  1:38  Cybernetics Core  
  21  1:44  Assimilator  
  21  1:46  Probe  
  22  1:52  Pylon  
  22  1:58  Probe  
  23  2:10  Probe  
  23  2:12  Adept (Chrono Boost)  
  26  2:17  Warp Gate  
  26  2:23  Probe, Twilight Council  
  27  2:31  Stalker  
  27  2:35  Probe  
  30  2:41  Probe (Chrono Boost)  
  32  2:53  Probe x2 (Chrono Boost)  
  33  2:59  Probe (Chrono Boost)  
  33  3:00  Probe (Chrono Boost), Robotics Facility  
  35  3:09  Probe  
  35  3:11  Probe  
  37  3:20  Dark Shrine  
  37  3:21  Probe (Chrono Boost)  
  37  3:24  Gateway  
  39  3:29  Probe (Chrono Boost)  
  39  3:33  Probe (Chrono Boost)  
  40  3:38  Probe (Chrono Boost)  
  40  3:39  Probe (Chrono Boost)  
  42  3:43  Gateway  
  42  3:45  Gateway  
  42  3:48  Assimilator  
  42  3:49  Probe  
  42  3:50  Probe, Assimilator  
  42  3:54  Warp Prism (Chrono Boost)  
  44  4:02  Pylon  
  46  4:07  Pylon  
  46  4:18  Pylon  
  46  4:20  Probe (Chrono Boost)  
  48  4:25  Probe (Chrono Boost)  
  48  4:30  Probe (Chrono Boost)  
  49  4:34  Probe (Chrono Boost)  
  49  4:36  Probe  
  51  4:39  Dark Templar  
  51  4:40  Dark Templar x3  
  51  4:41  Charge (Chrono Boost)  
  51  4:44  Probe  
  60  4:48  Immortal (Chrono Boost)  
  64  5:01  Gateway  
  64  5:14  Gateway  
  64  5:17  Gateway  
  64  5:18  Immortal (Chrono Boost)  
  64  5:20  Gateway  
  68  5:28  Sentry  
  70  5:31  Pylon  
  70  5:32  Pylon  
  70  5:36  Archon  
  70  5:39  Archon  
  70  5:50  Zealot  
  70  5:51  Zealot x2  
  77  5:57  Immortal  
  77  5:59  Pylon  
  77  6:00  Pylon  
  76  6:12  Dark Templar x4  
  76  6:14  Zealot  
  76  6:16  Archon x2  
  84  6:34  Zealot x2  
  84  6:38  Zealot x2  
  92  6:44  Zealot x4  
  71  6:56  Zealot x2  
  67  7:02  Zealot x2  
Show
View Real Time Build Order
Export as new Build Order

Elazer Zerg 

Build Orders: Hatch First 

Get SALT Encoding   

  12  0:00  Drone  
  13  0:12  Overlord  
  13  0:17  Drone  
  14  0:30  Drone x2  
  16  0:48  Hatchery  
  15  0:51  Drone  
  15  0:56  Drone  
  17  0:59  Drone  
  18  1:10  Extractor  
  17  1:13  Spawning Pool  
  17  1:17  Drone  
  17  1:21  Drone  
  18  1:28  Drone  
  19  1:39  Drone  
  20  1:49  Overlord  
  20  1:59  Queen  
  20  2:00  Zergling x4, Queen  
  26  2:10  Drone, Metabolic Boost  
  26  2:12  Drone  
  28  2:21  Drone x2  
  30  2:35  Hatchery  
  29  2:38  Drone  
  29  2:41  Drone  
  31  2:47  Queen  
  33  2:51  Overlord  
  33  2:54  Drone  
  33  2:57  Drone  
  35  2:59  Drone  
  36  3:10  Drone x2  
  36  3:11  Drone x3  
  41  3:16  Overlord  
  41  3:19  Drone  
  42  3:22  Queen  
  44  3:35  Lair  
  44  3:37  Drone x3  
  44  3:40  Drone x3  
  50  3:43  Spore Crawler  
  50  3:47  Overlord  
  50  3:48  Drone  
  50  3:50  Drone  
  50  3:54  Drone x3  
  54  4:00  Extractor  
  54  4:01  Extractor  
  52  4:03  Overlord  
  52  4:04  Drone x2  
  52  4:05  Drone  
  52  4:09  Spore Crawler  
  54  4:10  Drone  
  54  4:12  Overlord  
  55  4:18  Zergling x8  
  59  4:25  Extractor  
  59  4:26  Drone x2  
  59  4:30  Drone  
  61  4:32  Overlord  
  61  4:33  Hydralisk Den, Overlord  
  60  4:41  Drone x4  
  64  4:46  Overlord  
  64  4:49  Zergling x4  
  66  4:58  Zergling x6, Overseer  
  68  5:03  Zergling x4  
  70  5:10  Overlord  
  70  5:11  Muscular Augments  
  70  5:13  Hydralisk  
  70  5:14  Hydralisk x3  
  70  5:20  Hydralisk x2  
  82  5:24  Hydralisk  
  84  5:29  Hydralisk x2  
  84  5:35  Hydralisk  
  90  5:38  Overlord  
  90  5:40  Hydralisk  
  92  5:43  Hydralisk  
  92  5:47  Hydralisk  
  96  5:53  Hydralisk  
  96  5:56  Hydralisk  
  99  6:04  Hydralisk x2  
  99  6:10  Hydralisk  
  104  6:12  Zergling x10  
  108  6:24  Zergling x2  
  108  6:25  Hatchery, Zergling x8  
  112  6:38  Zergling x2  
  112  6:39  Zergling x6  
  108  6:51  Hydralisk x4  
  93  6:55  Zergling x2  
  93  6:56  Zergling x2  
  93  7:00  Hydralisk  
Tags
 
Add a new tag
Caveats
  • Supply blocks, unpowered buildings, or Contaminate may cause inaccurate times.
  • Supply counts are checked every 10 seconds.